[Event "New York Summer GM-A 2022"]
[Site "New York"]
[Date "2022.07.08"]
[Round "1.1"]
[White "Lu, Maximillian"]
[Black "Zhou, Liran"]
[Result "1-0"]
[ECO "E12"]
[WhiteElo "2398"]
[BlackElo "2393"]
[Annotator "TA"]
[PlyCount "167"]
[EventDate "2022.07.08"]
[EventType "tourn"]
[EventCountry "USA"]
[SourceTitle "playchess.com"]
[Source "ChessBase"]
[SourceQuality "1"]
[TimeControl "5400+30"]

1. d4 Nf6 2. c4 e6 3. Nf3 b6 4. a3 Bb7 5. Nc3 d5 6. cxd5 exd5 7. g3 Bd6 8. Bg2 O-O 9. O-O a6 {[%emt 0:06:45] E12: Queen's Indian: Unusual White 4th moves, 4 a3, 4 Nc3 Bb7 5 a3 and 4 Nc3 Bb7 .} (9... Re8 $11 {is more appropriate.}) 10. Qb3 Nbd7 11. Nh4 c6 (11... Re8 $11 {keeps the balance.}) 12. Nf5 $16 Bc7 {[%emt 0:08:32] [#]} 13. Re1 $146 ({Predecessor:} 13. Bg5 Re8 14. e4 h6 15. exd5 cxd5 16. Bxf6 Nxf6 17. Ne3 Ne4 18. Rad1 Nxc3 19. bxc3 Rxe3 20. fxe3 {1-0 (34) Safira,S (2145)-Ganesh,B (2012) Chennai 2006}) 13... Re8 14. Bg5 Nf8 15. e4 {[%emt 0:15:07] White is much more active.} Ne6 16. Bxf6 Qxf6 17. exd5 cxd5 18. Ne3 {[%emt 0:09:58] Pair of Knights!} Nxd4 19. Qd1 Rad8 20. Ncxd5 Bxd5 21. Nxd5 Rxe1+ 22. Qxe1 Qe5 23. Qxe5 Bxe5 24. Re1 Bf6 25. Nxb6 Ne6 26. b4 Rd3 27. Nc4 g6 28. Bb7 Rc3 29. Re4 Nc7 {[%emt 0:00:15] [#]} 30. a4 $1 Rb3 31. Ne3 a5 (31... Kf8 $16 32. Kg2 Bg7) 32. b5 $18 Ne6 33. Bd5 Rb1+ 34. Kg2 Nc5 35. Rc4 Be7 36. Rf4 Bg5 37. Rxf7 Bxe3 38. fxe3 {[%emt 0:01:10][%mdl 4096] Endgame KRB-KRN} Kh8 39. Ra7 Nxa4 40. Rxa5 Nb6 41. Bc6 Nc4 42. Ra8+ Kg7 43. Ra7+ Kh6 (43... Kf6 $142 44. Rxh7 Nxe3+ 45. Kf3 Nc4) 44. Kf3 {[%emt 0:00:20] h4 is the strong threat.} Nd6 45. h4 Nxb5 46. Bxb5 Rxb5 {[%emt 0:00:05] KR-KR} 47. g4 {[%emt 0:00:01] Prevents Rf5+. White threatens g5+ and mate.} g5 48. h5 Rb3 49. Ra6+ Kg7 50. Ke4 {[%emt 0:01:06] Strongly threatening Ra7+.} Rb4+ $2 {[%emt 0:00:07][%mdl 8192] [#]} (50... h6 $16 51. Rg6+ Kh7) 51. Kf5 $1 Rb5+ 52. Ke6 h6 53. Ra7+ Kg8 54. Ra8+ (54. e4 $142 Rb4 55. Kf5 Kh8 56. e5 Kg8 57. Kf6 Rf4+ 58. Kg6 Kf8 59. Kxh6 Rxg4 60. Kg6) 54... Kg7 55. Ra7+ (55. Rd8 $18 Rb3 56. Rd7+ Kf8 57. e4) 55... Kg8 $1 56. e4 Rb6+ 57. Kf5 Kf8 58. Rh7 Ra6 59. e5 Kg8 60. Rb7 Kf8 61. Rb8+ (61. e6 $142 Ra4 62. Rh7 Rf4+ 63. Ke5 Rf1 64. Rxh6 Rh1 65. Rf6+ Ke8 66. Rf7) 61... Kg7 62. Rb7+ Kf8 63. Rh7 Kg8 $1 64. Rd7 Ra4 65. Kg6 Kf8 66. Kxh6 Rxg4 67. Kg6 Rh4 68. Kxg5 Rh1 69. h6 Kg8 70. Rd8+ Kh7 71. Rd7+ Kg8 72. e6 Rg1+ 73. Kf6 Rf1+ 74. Kg6 Rg1+ 75. Kf6 Rf1+ 76. Ke7 {[%emt 0:00:02] White mates.} Ra1 77. Rc7 Rd1 78. Ke8 Rd2 79. Rg7+ Kh8 80. Rg6 Kh7 81. Kf7 Rd8 82. e7 Ra8 83. Rd6 Rf8+ 84. exf8=N+ {[%emt 0:00:36] Weighted Error Value: White=0.23 (precise) /Black=0.43} (84. exf8=B $142 Kh8 85. h7 Kxh7 86. Rh6#) 1-0

[Event "New York Summer GM-A 2022"]
[Site "New York"]
[Date "2022.07.08"]
[Round "1.2"]
[White "Korley, Kassa"]
[Black "Williams, Justus"]
[Result "1/2-1/2"]
[ECO "E15"]
[WhiteElo "2421"]
[BlackElo "2390"]
[Annotator "TA"]
[PlyCount "139"]
[EventDate "2022.07.08"]
[EventType "tourn"]
[EventCountry "USA"]
[SourceTitle "playchess.com"]
[Source "ChessBase"]
[SourceQuality "1"]
[TimeControl "5400+30"]

1. Nf3 Nf6 2. d4 e6 3. c4 b6 4. g3 Ba6 5. b3 d5 6. Bg2 Bb4+ 7. Bd2 Bd6 8. O-O {[%emt 0:00:44] E15: Queen's Indian: 4 g3 sidelines, 4 g3 Ba6 and 4 g3 Bb7 early deviations.} Nbd7 9. Nc3 O-O 10. e4 {[%emt 0:08:27] White has an edge.} Nxe4 11. Nxe4 {[%emt 0:00:05][%mdl 64] Remove Defender} dxe4 12. Ng5 Nf6 13. Nxe4 Rb8 14. Qc2 Bb7 {[%emt 0:03:03] [#]} 15. Rad1 $146 ({Predecessor:} 15. Nxf6+ Qxf6 16. Bxb7 Rxb7 17. Qe4 Rbb8 18. Be3 Rfd8 19. Qc6 e5 20. Rad1 exd4 21. Rxd4 {½-½ (30) Xu,Y (2410)-Romanov,E (2636) Doha 2014}) 15... Bxe4 16. Bxe4 Nxe4 17. Qxe4 Qf6 18. Be3 Qe7 19. Qc6 $1 {[%emt 0:06:02] And now c5 would win.} Qe8 20. Qf3 Qe7 21. Rd3 c5 (21... Qd7 $11 {remains equal.}) 22. Rfd1 $16 cxd4 23. Rxd4 Rbd8 24. Qc6 Be5 25. Rd7 Rxd7 26. Rxd7 Qa3 27. Qa4 (27. c5 $16) 27... Qxa4 $14 28. bxa4 {[%emt 0:00:01][%mdl 4096] Endgame KRB-KRB} Ra8 29. a5 bxa5 30. Bxa7 {[%emt 0:02:19] White is more active.} g5 31. Bb6 Kg7 (31... Bf6 $142) 32. Rd8 Ra6 33. c5 a4 34. Kf1 $1 {[%emt 0:01:33] Threatens to win with Ke2.} Bc3 $2 {[%emt 0:02:18] [#]} (34... a3 $16) 35. c6 $1 {[%emt 0:02:37] Black must now prevent c7.} Rxb6 $18 {[%emt 0:01:48] KRB-KR} 36. c7 Rc6 (36... Rb1+ $2 37. Kg2 Bf6 38. c8=Q $18) 37. c8=Q Rxc8 38. Rxc8 {[%emt 0:00:03] KR-KB} Bb2 39. Ke2 h5 40. Kd3 g4 41. Rb8 a3 42. Kc2 Bd4 (42... Kf6 $16 43. Kd3 Kf5) 43. Rb3 Bxf2 $2 (43... Bc5 {is tougher.} 44. Kd3 Kg6) 44. Rxa3 Bg1 $2 (44... h4 {was called for.}) 45. Kd2 Bxh2 {[%emt 0:01:40][%cal Oh5h4] Hoping for ...h4!} 46. Ke2 Bg1 47. Rb3 f5 48. a4 Kf6 49. a5 (49. Kf1 $142 Ba7 50. a5) 49... e5 50. a6 $2 (50. Kf1 Ba7 51. a6) 50... f4 51. Kf1 $1 Ba7 (51... Bd4 $2 52. gxf4 exf4 53. Rb4 $18) 52. Rb7 Be3 53. Rb3 {[%emt 0:04:19][%cal Ob3e3] Rxe3! would kill now.} Ba7 (53... Bd4 54. gxf4 exf4 55. Rb4 $18) 54. Rb7 Be3 55. gxf4 exf4 56. Rb3 $2 (56. a7 $1 $18 Bxa7 57. Rxa7) 56... Ba7 $11 57. Rb7 $2 (57. Rb4 $11 f3 58. Rb7) 57... Be3 $18 58. a7 $1 Bxa7 59. Rxa7 {[%emt 0:00:01] Threatening mate with Rh7. KR-K3P} h4 $2 (59... Kg6 $18 60. Kg2 Kf6 61. Ra6+ Kg7) 60. Ra6+ Kf5 61. Ra5+ Ke4 62. Ra4+ Ke3 63. Ra3+ Ke4 64. Ra4+ Ke3 {[%emt 0:00:04] [#]} 65. Kg1 $2 (65. Kg2 $1 h3+ 66. Kh2 g3+ 67. Kxh3 Kf3 68. Ra5 Kf2 69. Ra3 g2 70. Ra2+ Kf3 71. Rxg2) 65... Kf3 $11 66. Kh2 Ke3 $2 {[%emt 0:01:01][%mdl 8192] [#]} (66... g3+ $11 67. Kh3 Ke3) 67. Ra3+ $2 (67. Kg2 $1 {mates} h3+ 68. Kh2 Kf3 69. Ra8 Kf2 70. Rb8 Ke2 71. Rg8 f3 72. Kg3) 67... Kf2 {[%emt 0:00:22] The position is equal.} 68. Ra2+ Ke3 69. Ra3+ Kf2 70. Ra2+ {[%emt 0:00:48] Weighted Error Value: White=0.34/Black=0.35} 1/2-1/2

[Event "New York Summer GM-A 2022"]
[Site "New York"]
[Date "2022.07.08"]
[Round "1.3"]
[White "Kaliksteyn, Alexander"]
[Black "Ostrovskiy, Aleksandr"]
[Result "1/2-1/2"]
[ECO "D02"]
[WhiteElo "2380"]
[BlackElo "2392"]
[Annotator "TA"]
[PlyCount "57"]
[EventDate "2022.07.08"]
[EventType "tourn"]
[EventCountry "USA"]
[SourceTitle "playchess.com"]
[Source "ChessBase"]
[SourceQuality "1"]
[TimeControl "5400+30"]

1. d4 d5 2. Nf3 Nf6 3. Bf4 c5 4. e3 e6 5. Nbd2 Qb6 6. Rb1 {[%emt 0:04:47] D02: 1 d4 d5 2 Nf3 sidelines, including 2...Nf6 3 g3 and 2...Nf6 3 Bf4.} Bd7 {[%emt 0:00:30] [#] 6...Bd6 is the modern continuation.} 7. h3 $146 ({Predecessor:} 7. Be2 Bb5 8. c4 dxc4 9. O-O Be7 10. Nxc4 Bxc4 11. Bxc4 O-O 12. dxc5 Bxc5 13. Ne5 {0-1 (32) Firouzja,A (2804)-Karjakin,S (2743) Warsaw 2021}) 7... cxd4 8. exd4 {[%emt 0:05:53] The position is equal.} Bb5 9. Bxb5+ Qxb5 10. Qe2 Qxe2+ 11. Kxe2 Nc6 12. c3 Be7 13. Ne5 Rc8 14. Kd3 Nd7 15. Nxc6 Rxc6 16. c4 dxc4+ 17. Nxc4 Ra6 {[%emt 0:00:27] Inhibits Na5.} 18. Rhc1 {[%emt 0:03:02][%cal Oc4d6] Nd6+! is the strong threat.} O-O 19. Ne5 (19. a3 $11) 19... Nb6 ({Much worse is} 19... Nxe5+ 20. dxe5 Bd8 21. a3 $11) (19... Nb8 $5 ) 20. a3 f6 21. Nf3 Nd5 22. Bd2 Rd8 23. Rc2 Kf7 24. Rbc1 g5 25. Rc8 Rad6 26. Rxd8 Rxd8 27. Be3 h5 28. Nd2 Rg8 29. Ke4 $2 {[%emt 0:10:27][%mdl 40960] Weighted Error Value: White=0.08 (flawless) /Black=0.04 (flawless) . An unexpected result.} (29. Ne4 $11) 1/2-1/2

[Event "New York Summer GM-A 2022"]
[Site "New York"]
[Date "2022.07.08"]
[Round "1.4"]
[White "Khamrakulov, Djurabek"]
[Black "Song, Michael"]
[Result "1/2-1/2"]
[ECO "B22"]
[WhiteElo "2492"]
[BlackElo "2409"]
[Annotator "TA"]
[PlyCount "35"]
[EventDate "2022.07.08"]
[EventType "tourn"]
[EventCountry "USA"]
[SourceTitle "playchess.com"]
[Source "ChessBase"]
[SourceQuality "1"]
[TimeControl "5400+30"]

1. e4 c5 2. c3 Nf6 3. e5 Nd5 4. Nf3 Nc6 5. d4 cxd4 6. cxd4 d6 7. Bc4 dxe5 $1 {[%emt 0:01:29][%mdl 4] is currently scoring better than 7...Nb6.} 8. dxe5 Ndb4 {[%emt 0:00:16] With the idea ...Qxd1+. The position is equal.} 9. O-O {[%emt 0:00:02] And now Qe2 would win. B22: Sicilian: 2 c3.} Qxd1 10. Rxd1 Bg4 {[%emt 0:00:18] [#] Strongly threatening ...Nc2.} (10... Nc2 11. Na3 Nxa3 12. bxa3 $16) 11. Nc3 e6 (11... Bxf3 $5 12. gxf3 Nxe5 $11) 12. Bf4 Bxf3 13. gxf3 g5 {[%emt 0:08:24] [#]} 14. Bg3 $146 ({Much worse is} 14. Bxg5 Rg8 15. h4 (15. f4 h6 $17) 15... h6 $17) ({Predecessor:} 14. Ne4 Be7 15. Bg3 Nc2 16. Rac1 N2d4 17. f4 gxf4 18. Bxf4 Rg8+ 19. Ng3 Rg4 20. Be3 {½-½ (63) Garcia Blanco,O (2359)-Hernando Rodrigo,J (2319) Vecindario 2020}) 14... Bg7 15. a3 Nc2 16. Rac1 {[%emt 0:00:03] [#] Threatens to win with Bb5.} N2d4 17. Nb5 Rd8 18. Nxd4 {[%emt 0:52:36] An interesting draw.  Weighted Error Value: White=0.01 (flawless) /Black=0.02 (flawless)} 1/2-1/2

[Event "New York Summer GM-A 2022"]
[Site "New York"]
[Date "2022.07.08"]
[Round "1.5"]
[White "Saric, Ante"]
[Black "Dragun, Kamil"]
[Result "1/2-1/2"]
[WhiteElo "2510"]
[BlackElo "2563"]
[Annotator "TA"]
[PlyCount "45"]
[EventDate "2022.07.08"]
[EventType "tourn"]
[EventCountry "USA"]
[SourceTitle "playchess.com"]
[Source "ChessBase"]
[SourceQuality "1"]
[TimeControl "5400+30"]

1. c4 Nf6 2. Nc3 g6 3. g3 Bg7 4. Bg2 O-O 5. e4 d6 6. Nge2 e5 7. O-O Nc6 8. d3 Nd7 $1 {[%emt 0:00:30][%mdl 4] [#] is currently scoring better than 8...Be6.} {Predecessor:} 9. f4 $146 {A26: English Opening vs King's Indian with ...Nc6 and d3.} f5 10. exf5 gxf5 11. h3 Nc5 12. Kh2 Kh8 13. Be3 Ne6 14. Qd2 Ncd4 15. Rae1 c6 16. fxe5 dxe5 17. Bh6 Bxh6 18. Qxh6 Nc2 19. Rc1 Qxd3 20. Rxc2 Qxc2 21. Be4 Qxb2 22. Rxf5 Bd7 23. Rf6 {1-0 (23) Mamedyarov,S (2770)-Ivic,V (2581) Chess.com INT 2021} 1/2-1/2

[Event "New York Summer GM-A 2022"]
[Site "New York"]
[Date "2022.07.08"]
[Round "2.1"]
[White "Zhou, Liran"]
[Black "Dragun, Kamil"]
[Result "1/2-1/2"]
[ECO "B40"]
[WhiteElo "2393"]
[BlackElo "2563"]
[Annotator "TA"]
[PlyCount "57"]
[EventDate "2022.07.08"]
[EventType "tourn"]
[EventCountry "USA"]
[SourceTitle "playchess.com"]
[Source "ChessBase"]
[SourceQuality "1"]
[TimeControl "5400+30"]

1. e4 c5 2. Nf3 e6 3. b3 Nc6 4. Bb2 a6 5. g3 d6 6. d4 {[%emt 0:03:01] B40: Sicilian: 2...e6, Unusual lines.} cxd4 7. Nxd4 Bd7 8. Bg2 {[%emt 0:02:21] The position is equal.} Nf6 9. O-O Be7 10. c4 Nxd4 {[%emt 0:05:58] [#]} 11. Bxd4 $146 ({Predecessor:} 11. Qxd4 Bc6 12. Nc3 O-O 13. Rad1 Qc7 14. Kh1 Rac8 15. f4 Rfd8 16. f5 b5 {½-½ (16) Gesing,O (2146)-Schmidt,W (2284) Bayern 2007}) 11... e5 12. Be3 O-O 13. Nc3 b5 14. cxb5 axb5 15. Bg5 Qb8 16. Bxf6 Bxf6 17. Nd5 Bd8 18. Qd3 Ra3 19. Rfc1 Be6 20. Rc2 Qb7 (20... b4 $11) 21. Rd1 $14 Ba5 {[%emt 0:05:24] [#]} 22. Qe3 {[%emt 0:10:54] White is more active.} (22. Bf1 $1 $16) 22... Ra8 $11 23. Bf1 Bd8 24. Qe2 b4 {[%emt 0:06:20] Prevents Nc3.} 25. Qd2 Bxd5 26. Qxd5 Qxd5 27. Rd3 {[%emt 0:11:28][%mdl 8192] [#]} (27. Rxd5 $14 Rxa2 28. Rxa2 Rxa2 29. Rxd6) 27... Qd4 28. Rxd4 Rxa2 $2 ({Better is} 28... exd4 $19 29. Rc6 Rxa2 30. Rxd6 Bf6) 29. Rd5 $2 {[%emt 0:00:00][%mdl 40960] Weighted Error Value: White=0.36/Black=0.50. An unexpected result.} 1/2-1/2

[Event "New York Summer GM-A 2022"]
[Site "New York"]
[Date "2022.07.08"]
[Round "2.2"]
[White "Song, Michael"]
[Black "Saric, Ante"]
[Result "0-1"]
[ECO "A50"]
[WhiteElo "2409"]
[BlackElo "2510"]
[Annotator "TA"]
[PlyCount "80"]
[EventDate "2022.07.08"]
[EventType "tourn"]
[EventCountry "USA"]
[SourceTitle "playchess.com"]
[Source "ChessBase"]
[SourceQuality "1"]
[TimeControl "5400+30"]

1. d4 Nf6 2. c4 e6 3. Bf4 b6 4. a3 d5 5. cxd5 {[%emt 0:01:51] [#]} Nxd5 $146 ({Predecessor:} 5... exd5 6. e3 Bd6 7. Bxd6 Qxd6 8. f4 O-O 9. Nf3 Qe7 10. Qd2 Nc6 11. Bb5 Na5 12. Qc2 Qxe3+ 13. Qe2 Qc1+ 14. Qd1 Qxb2 {0-1 (14) Swahnberg,L (1601)-Thys,H (1791) ICCF email 2012}) 6. Bg3 {[%emt 0:01:11] A50: Queen's Fianchetto Defence (1 d4 Nf6 2 c4 b6).} Bb7 7. Nf3 Be7 8. Nbd2 {[%emt 0:01:40] The position is equal.} O-O 9. e4 Nf6 10. Bd3 c5 11. e5 Nh5 12. Ne4 Nd7 ({Don't play} 12... Nxg3 13. hxg3 h6 14. Bc2 $14) 13. Nfg5 g6 $1 $17 ({And not} 13... Bxg5 14. Qxh5 h6 15. O-O $11) 14. Qg4 cxd4 15. f4 (15. O-O $142) 15... Rc8 16. Rd1 (16. O-O $142) 16... Bxe4 (16... Nc5 $19 {and Black stays clearly on top.} 17. Nxc5 bxc5 18. Nxh7 Kxh7 19. Qxh5+ Kg7) 17. Nxe4 Nc5 18. Nxc5 (18. O-O $17) 18... bxc5 $19 ({Weaker is} 18... Rxc5 19. Bf2 $15) 19. Bc4 Rb8 {[%emt 0:01:25] White must now prevent ...Qa5+.} 20. Qe2 {[%emt 0:05:00] [#]} (20. Rd2 {was worth a try.}) 20... Bh4 $1 21. Qf2 Qa5+ 22. Kf1 Be7 23. Qc2 Qb6 24. b3 Kg7 (24... f6 $19 25. Re1 Rbe8 26. exf6 Rxf6) 25. Re1 (25. Qe4 $17 {is a better defense.}) 25... Rfd8 (25... f6 $19 {Hoping for ...Rbe8.} 26. Qe4 Qc7) 26. Qd2 Qc6 27. Bf2 Kg8 28. Rg1 $2 {[%emt 0:00:34] [#] This costs White the game.} (28. Kg1 $17) 28... Rxb3 $1 29. g4 (29. Bxb3 $142 Qb5+ 30. Re2 Qxb3 31. g3) 29... Rc3 30. gxh5 Rxc4 31. f5 exf5 {[%emt 0:02:24] ...d3 is the strong threat.} 32. e6 {[%emt 0:00:06] aiming for exf7+.} Qa6 {[%emt 0:04:12] Strongly threatening ...Rc2+.} 33. Re2 (33. Qd3 $142) 33... d3 34. exf7+ Kxf7 35. Rxe7+ Kxe7 36. Qh6 {[%emt 0:01:24] [#]} Rc1+ $3 {[%emt 0:00:51][%mdl 512] Black mates.} 37. Kg2 Qc6+ 38. Kg3 f4+ 39. Kh4 Rxg1 40. Qxh7+ Kf6 {[%emt 0:00:36] Weighted Error Value: White=0.63/Black=0.13 (very precise)} 0-1

[Event "New York Summer GM-A 2022"]
[Site "New York"]
[Date "2022.07.08"]
[Round "2.3"]
[White "Ostrovskiy, Aleksandr"]
[Black "Khamrakulov, Djurabek"]
[Result "0-1"]
[ECO "B12"]
[WhiteElo "2392"]
[BlackElo "2492"]
[Annotator "TA"]
[PlyCount "90"]
[EventDate "2022.07.08"]
[EventType "tourn"]
[EventCountry "USA"]
[SourceTitle "playchess.com"]
[Source "ChessBase"]
[SourceQuality "1"]
[TimeControl "5400+30"]

1. e4 c6 2. d4 d5 3. e5 Bf5 4. h4 h5 5. Bd3 Bxd3 6. Qxd3 {[%emt 0:00:05][%cal Oe5e6] B12: Caro-Kann: Advance Variation.} Qa5+ 7. b4 Qxb4+ 8. Nd2 {[%emt 0:00:21][%cal Oe5e6] Black has an edge.} e6 9. Rb1 Qe7 10. c4 Qc7 11. Ne2 Nd7 12. O-O dxc4 13. Nxc4 Nb6 {[%emt 0:00:33] [#]} 14. Bg5 $146 ({Predecessor:} 14. Nc3 Nh6 15. Bg5 Nxc4 16. Qxc4 Qd7 17. Qb3 b6 18. Rfd1 Be7 19. Ne4 Nf5 20. Rbc1 {½-½ (33) Van Foreest,J (2714)-Carlsen,M (2864) Oslo 2022}) 14... Nxc4 15. Qxc4 Ne7 16. Rb3 Nd5 17. Rfb1 b6 18. Ng3 Be7 19. Qe2 Bxg5 20. hxg5 Ne7 21. Nxh5 {[%emt 0:08:55] Black keeps a firm grip on the game.} (21. Rd1 $11 {remains equal.}) 21... Nf5 $17 22. Rd1 O-O-O 23. Rbd3 {[%emt 0:00:31] [#]} Qe7 $1 24. Qf3 Kb7 25. Ng3 Qxg5 26. Nxf5 Qxf5 ({Reject} 26... exf5 $6 27. d5 cxd5 28. Rxd5 $11) 27. Qxf5 exf5 {[%emt 0:00:02][%mdl 4096] Endgame KRR-KRR} 28. Rf3 Rh5 29. g4 (29. g3 $17) 29... Rg5 $19 30. Rxf5 Rxg4+ 31. Kf1 {[%emt 0:00:01] [#]} f6 32. exf6 gxf6 33. Rxf6 Rgxd4 34. Rf7+ Ka6 35. Re1 R8d7 36. Rf6 (36. Rxd7 {only move.} Rxd7 37. Kg2) 36... c5 37. Re2 c4 38. Rc6 $2 (38. Rc2) 38... Kb5 {[%emt 0:02:08] Black is clearly winning.} 39. Rc8 Kb4 40. Re6 b5 41. Re3 a5 42. Rc6 R7d5 43. Rc8 Rd1+ 44. Kg2 R1d3 45. Kf3 Ka3 {[%emt 0:00:41] Weighted Error Value: White=0.36/Black=0.02 (flawless)} 0-1

[Event "New York Summer GM-A 2022"]
[Site "New York"]
[Date "2022.07.08"]
[Round "2.4"]
[White "Williams, Justus"]
[Black "Kaliksteyn, Alexander"]
[Result "0-1"]
[ECO "E04"]
[WhiteElo "2390"]
[BlackElo "2380"]
[Annotator "RC"]
[PlyCount "52"]
[EventDate "2022.07.08"]
[EventType "tourn"]
[EventCountry "USA"]
[SourceTitle "playchess.com"]
[Source "ChessBase"]
[SourceQuality "1"]
[TimeControl "5400+30"]

1. Nf3 d5 2. d4 Nf6 3. c4 e6 4. Nc3 c6 5. g3 dxc4 6. Bg2 b5 7. O-O Bb7 8. Ne5 Nd5 9. e4 Nxc3 10. bxc3 Nd7 11. f4 Be7 12. Rb1 Qc7 13. Be3 a6 14. Qc2 O-O 15. g4 c5 16. Nxd7 Qxd7 17. f5 cxd4 18. cxd4 Rac8 19. Rf3 e5 20. dxe5 Rfd8 21. f6 Bc5 22. Rbf1 Qd2 23. Qxd2 Rxd2 24. Bxc5 Rxc5 25. e6 fxe6 26. Rh3 gxf6 0-1

[Event "New York Summer GM-A 2022"]
[Site "New York"]
[Date "2022.07.08"]
[Round "2.5"]
[White "Lu, Maximillian"]
[Black "Korley, Kassa"]
[Result "1-0"]
[ECO "E05"]
[WhiteElo "2398"]
[BlackElo "2421"]
[Annotator "RC"]
[PlyCount "55"]
[EventDate "2022.07.08"]
[EventType "tourn"]
[EventCountry "USA"]
[SourceTitle "playchess.com"]
[Source "ChessBase"]
[SourceQuality "1"]
[TimeControl "5400+30"]

1. c4 e6 2. Nf3 d5 3. g3 Nf6 4. Bg2 Be7 5. d4 O-O 6. O-O dxc4 7. Qa4 b6 8. Ne5 Qxd4 9. Bxa8 Qxe5 10. Qxa7 Bd7 11. Nc3 Nc6 12. Bxc6 Bxc6 13. Bf4 Qh5 14. Qxc7 Ng4 15. h4 Qc5 16. Rad1 e5 17. Bg5 f6 18. Bc1 h6 19. Nd5 Bd8 20. Qc8 f5 21. Nb4 Ba4 22. Qe6+ Kh8 23. b3 Bb5 24. Ba3 cxb3 25. Nc2 bxc2 26. Bxc5 cxd1=Q 27. Rxd1 bxc5 28. Qc8 1-0

[Event "New York Summer GM-A 2022"]
[Site "New York"]
[Date "2022.07.09"]
[Round "3.1"]
[White "Korley, Kassa"]
[Black "Zhou, Liran"]
[Result "1-0"]
[ECO "A13"]
[WhiteElo "2421"]
[BlackElo "2393"]
[Annotator "RC"]
[PlyCount "85"]
[EventDate "2022.07.08"]
[EventType "tourn"]
[EventCountry "USA"]
[SourceTitle "playchess.com"]
[Source "ChessBase"]
[SourceQuality "1"]
[TimeControl "5400+30"]

1. Nf3 Nf6 2. g3 e6 3. Bg2 d5 4. O-O c5 5. c4 d4 6. e3 Nc6 7. exd4 cxd4 8. d3 Be7 9. Re1 O-O 10. Na3 Nd7 11. Nc2 e5 12. b4 f6 13. Rb1 a5 14. a3 Nb6 15. Bd2 axb4 16. axb4 Bf5 17. b5 Na5 18. Nb4 Qd7 19. Ra1 Rfc8 20. Nxe5 fxe5 21. Rxa5 Rxa5 22. Nd5 Rxb5 23. Nxe7+ Qxe7 24. cxb5 Bxd3 25. Bf4 Bc2 26. Qxd4 exd4 27. Rxe7 Rc5 28. Rxb7 Rxb5 29. h4 h6 30. h5 Kh7 31. g4 Nd5 32. Rxb5 Nxf4 33. Rc5 Bd1 34. Be4+ Kg8 35. f3 d3 36. Kf2 Be2 37. Ke3 Ng2+ 38. Kf2 Nf4 39. Bg6 Nxg6 40. hxg6 Kf8 41. Rc7 Bd1 42. Rf7+ Ke8 43. Ke3 1-0

[Event "New York Summer GM-A 2022"]
[Site "New York"]
[Date "2022.07.09"]
[Round "3.2"]
[White "Kaliksteyn, Alexander"]
[Black "Lu, Maximillian"]
[Result "1-0"]
[ECO "D80"]
[WhiteElo "2380"]
[BlackElo "2398"]
[Annotator "RC"]
[PlyCount "51"]
[EventDate "2022.07.08"]
[EventType "tourn"]
[EventCountry "USA"]
[SourceTitle "playchess.com"]
[Source "ChessBase"]
[SourceQuality "1"]
[TimeControl "5400+30"]

1. d4 Nf6 2. Nf3 g6 3. c4 Bg7 4. Nc3 d5 5. Bg5 Ne4 6. Bf4 Nxc3 7. bxc3 O-O 8. e3 c5 9. cxd5 Qxd5 10. Be2 cxd4 11. cxd4 Nc6 12. O-O Rd8 13. Qa4 Bd7 14. Qa3 b5 15. Rac1 b4 16. Qa6 Nb8 17. Bc4 Qf5 18. Qb7 Nc6 19. Bc7 Rdc8 20. Ba6 Qe6 21. d5 Qxd5 22. Rfd1 Qxa2 23. Rxd7 Nd8 24. Qb5 Rab8 25. Qf1 Bc3 26. Bxc8 1-0

[Event "New York Summer GM-A 2022"]
[Site "New York"]
[Date "2022.07.09"]
[Round "3.3"]
[White "Khamrakulov, Djurabek"]
[Black "Williams, Justus"]
[Result "1-0"]
[ECO "B07"]
[WhiteElo "2492"]
[BlackElo "2390"]
[Annotator "RC"]
[PlyCount "75"]
[EventDate "2022.07.08"]
[EventType "tourn"]
[EventCountry "USA"]
[SourceTitle "playchess.com"]
[Source "ChessBase"]
[SourceQuality "1"]
[TimeControl "5400+30"]

1. e4 c5 2. c3 d6 3. d4 Nf6 4. Bd3 Nc6 5. Nf3 e5 6. d5 Ne7 7. h3 Ng6 8. c4 Nh5 9. Nc3 Be7 10. g3 Nf6 11. Be3 Bd7 12. Qe2 Qc8 13. Ng1 Bd8 14. f4 exf4 15. gxf4 O-O 16. O-O-O Re8 17. Qf3 a6 18. Nge2 b5 19. Bf2 bxc4 20. Bc2 Rb8 21. Rdg1 Qb7 22. Nd1 Ba5 23. Be1 Bxe1 24. Rxe1 Re7 25. Nec3 Ne8 26. e5 dxe5 27. Bxg6 hxg6 28. fxe5 Nc7 29. Rh2 Nb5 30. h4 Rbe8 31. Qf4 Qb8 32. Nxb5 axb5 33. d6 Re6 34. h5 gxh5 35. Rxh5 f6 36. Rg1 fxe5 37. Qg5 g6 38. Qh6 1-0